 Dungeon Crawl Stone Soup version 0.22-a0-197-g4ac3794 (webtiles) character file.

27288 TenebrousRigmarole the Brawler (level 13, -10/124 HPs)
             Began as a Troll Monk on Feb 18, 2018.
             Was the Champion of Ru.
             Killed by the raging water
             ... invoked by a water nymph
              (29 damage)
             ... on level 1 of the Shoals.
             The game lasted 00:56:28 (12163 turns).

TenebrousRigmarole the Brawler (Troll Monk)        Turns: 12163, Time: 00:56:29

Health: -10/124    AC: 10    Str: 22    XL:     13   Next: 3%
Magic:  18/22      EV: 11    Int:  6    God:    Ru [******]
Gold:   604        SH: 19    Dex: 16    Spells: 9/12 levels left

rFire    . . .     SeeInvis .     - Unarmed
rCold    + . .     Gourm    +   Q - +3 large shield "Kuetiuc" {rF+ Regen+}
rNeg     . . .     Faith    .   N - +2 robe {MR+}
rPois    .         Spirit   .   a - +0 hat
rElec    .         Reflect  .   P - +2 cloak "Uwolan" {rC+ Regen+ MP+9}
rCorr    .         Harm     .   (gloves unavailable)
MR       +....                  (boots unavailable)
Stlth    +++.......             e - amulet of magic regeneration
HPRegen  1.50/turn              B - ring of stealth
MPRegen  0.43/turn              L - ring of protection from cold

@: exhausted, no scrolls, mesmerised, very slow
A: large, unfitting armour, claws 3, fast metabolism 3, gourmand, regeneration
1, shaggy fur 1, tough skin 2, inability to read while threatened, no charms
magic, no necromancy magic, no poison magic, inexperienced 1, temperature
sensitive
a: Draw Out Power, Power Leap, Apocalypse, Renounce Religion


You were on level 1 of the Shoals.
You worshipped Ru.
Ru was exalted by your worship.
You were very full.

You visited 5 branches of the dungeon, and saw 16 of its levels.
You also visited: Ossuary.

You collected 1646 gold pieces.
You spent 1042 gold pieces at shops.

Inventory:

Missiles
 d - 19 large rocks
 j - 4 throwing nets
 p - 24 tomahawks (quivered)
 A - an exploding tomahawk
Armour
 a - a +0 hat (worn)
 N - a +2 robe of magic resistance (worn)
 P - the +2 cloak "Uwolan" (worn) {rC+ Regen+ MP+9}
   (You bought it in a shop on level 2 of the Orcish Mines)

   It protects you from cold.
   It affects your magic capacity (+9).
   It increases your rate of regeneration.
 Q - the +3 large shield "Kuetiuc" (worn) {rF+ Regen+}
   (You bought it in a shop on level 2 of the Orcish Mines)

   It protects you from fire.
   It increases your rate of regeneration.
Jewellery
 e - an amulet of magic regeneration (around neck)
 B - a ring of stealth (left claw)
 J - an uncursed amulet of rage
 L - a ring of protection from cold (right claw)
Wands
 r - a wand of iceblast (11)
 u - a wand of polymorph (7)
 D - a wand of flame (49)
 I - a wand of digging (16)
 R - a wand of random effects (25)
Scrolls
 f - 4 scrolls of magic mapping
 g - 4 scrolls of teleportation {unknown}
 h - 2 scrolls of random uselessness {unknown}
 i - 2 scrolls of noise {unknown}
 k - 5 scrolls of enchant armour {unknown}
 l - 3 scrolls of enchant weapon {unknown}
 m - a scroll of amnesia
 n - 6 scrolls of remove curse
 t - 4 scrolls of immolation {unknown}
 w - 2 scrolls of blinking {unknown}
 y - 2 scrolls of fog
 E - a scroll of identify
 K - 2 scrolls of fear {unknown}
Potions
 c - 3 potions of cancellation
 o - 3 potions of haste
 q - 3 potions of agility
 s - 3 potions of brilliance
 v - 4 potions of curing
 x - 3 potions of ambrosia
 z - a potion of berserk rage
 F - 2 potions of lignification
 G - a potion of resistance
 H - a potion of heal wounds
 M - a potion of mutation {unknown}
Miscellaneous
 C - a crystal ball of energy
Comestibles
 b - 29 rations
 O - 4 chunks of flesh


   Skills:
 - Level 7.0 Fighting
 - Level 6.0 Dodging
 - Level 1.0 Stealth
 * Level 6.3 Shields
 + Level 17.6 Unarmed Combat
 + Level 1.6 Evocations


You had 9 spell levels left.
You knew the following spells:

 Your Spells              Type           Power        Failure   Level  Hunger
a - Beastly Appendage     Tmut           #.....       97%         1    ##.....
b - Sticks to Snakes      Tmut           #.......     99%         2    ###....


Dungeon Overview and Level Annotations

Branches:
Dungeon (10/15)            Temple (1/1) D:6            Lair (2/6) D:10
 Shoals (1/4) Lair:2          Orc (2/2) D:9             Elf (0/3) Orc:2
  Snake: Lair:2-4    Spider: Lair:2-4

Altars:
Ashenzari
Cheibriados
Dithmenos
Elyvilon
Fedhas
Gozag
Hepliaklqana
Kikubaaqudgha
Makhleb
Nemelex Xobeh
Okawaru
Qazlal
Ru
Sif Muna
Trog
Uskayaw
Vehumet
Wu Jian
Xom
Yredelemnul
Zin
The Shining One

Shops:
D:6 !   D:7 }   D:9 [   Orc:2 }[[=


Innate Abilities, Weirdness & Mutations

You are too large for most types of armour.
You have claws for hands.
Your metabolism is lightning-fast.
You like to eat raw meat.
Your natural rate of healing is unusually fast.
You are covered in fur. (AC +1)
You have very tough skin. (AC +2)
You cannot read scrolls while threatened.
You cannot study or cast Charms magic.
You cannot study or cast Necromancy magic.
You cannot study or cast Poison magic.
You are somewhat inexperienced. (-2 XL)
You are sensitive to extremes of temperature. (rF-, rC-)


Message History

You block the water nymph's attack.
You closely miss the water nymph.
The water nymph is severely wounded.
The merfolk siren begins to cast a spell, but is stunned by your will!
The faun splashes around in the water.
You redirect the water nymph's attack!
You scratch the water nymph.
The water nymph is severely wounded.
The water nymph touches you. The water nymph drowns you!
The merfolk siren chants its luring song.
The faun splashes around in the water.
You scratch the water nymph.
The water nymph is almost dead.
The water nymph gestures at you while chanting.
The water swirls and strikes you!
* * * LOW HITPOINT WARNING * * *
You focus your will and slow the water nymph in retribution!
The water nymph casts a spell at you. The water swirls and strikes you!
You die...

..?≈≈≈≈≈≈≈ ≈..
##.≈≈≈≈≈≈≈≈ ≈.#.
#.≈≈≈≈≈m≈≈≈≈≈...
..##.≈≈≈P≈≈≈≈ ≈≈≈.≈
P.PP.P≈≈≈≈≈≈≈. ..≈≈≈≈
#P.PP≈≈≈.≈≈≈≈##..≈≈≈≈
##PPPP≈≈≈≈≈≈≈≈).m≈≈(≈≈
#..≈≈≈≈.≈!#.≈(@m(≈≈≈(≈
...≈≈≈≈≈.##.≈≈c≈≈.≈≈≈≈
...≈≈≈≈≈...≈≈≈≈≈≈≈≈≈≈≈
...≈≈≈≈≈≈≈≈≈≈≈≈≈≈≈≈≈≈≈
≈..≈≈≈≈<≈≈≈≈≈≈≈≈≈≈≈≈≈.
≈≈≈≈≈≈≈≈≈≈)≈≈≈≈≈≈≈≈≈≈.
≈≈≈≈≈≈≈≈≈≈≈≈≈≈≈≈≈≈≈≈≈≈
≈≈≈≈≈≈≈≈≈≈≈≈≈≈≈≈≈≈≈≈≈≈
≈≈≈≈≈≈≈≈≈≈≈≈≈≈≈≈≈≈≈≈


You could see a faun, a merfolk siren and 2 water nymphs.

Vanquished Creatures
  2 orc warlords (Orc:2)
  A hydra (Lair:1)
  3 two-headed ogres (D:9)
  The ghost of Yelwes the Grappler, a novice DrTm of Hepliaklqana (D:10)
  Pikel (D:7)
  4 orc knights
  2 fauns (Shoals:1)
  A manticore (Shoals:1)
  5 orc sorcerers
  A black mamba (Lair:2)
  A gargoyle (D:8)
  2 spiny frogs (Lair:2)
  A kobold demonologist (D:9)
  2 komodo dragons (Lair:1)
  A merfolk (Shoals:1)
  3 meliai (D:10)
  5 trolls
  Prince Ribbit (D:9)
  3 blink frogs (Lair:1)
  3 hippogriffs
  6 yaks (Lair:1)
  2 basilisks (Lair:1)
  2 hungry ghosts (D:9)
  4 wargs
  6 water moccasins
  4 porcupines
  45 orc warriors
  A sky beast (D:6)
  9 ogres
  A phantom (D:9)
  14 wolves
  14 centaurs
  2 crocodiles
  3 elf zombies (Ossuary)
  6 bullfrogs
  4 scorpions
  5 wights (D:8)
  6 killer bees (D:9)
  3 howler monkeys (D:10)
  4 centaur zombies
  3 crimson imps
  5 hounds
  A quasit (D:9)
  A human zombie (Ossuary)
  2 bullfrog zombies
  A gnoll shaman (D:7)
  26 orc priests
  A centaur skeleton (D:4)
  25 orc wizards
  2 bullfrog skeletons
  3 iguanas
  5 worker ants
  A big kobold zombie (Ossuary)
  3 hound zombies
  4 mummies
  A howler monkey zombie (D:9)
  2 worker ant zombies
  17 gnolls
  8 adders
  3 shadow imps
  3 oozes (D:2)
  2 adder zombies (Ossuary)
  3 adder skeletons
  4 worms
  3 dart slugs
  7 leopard geckos
  100 orcs
  2 ball pythons
  11 bats
  8 giant cockroaches
  A gnoll zombie (Ossuary)
  8 goblins
  11 hobgoblins
  9 jackals
  6 kobolds
  5 quokkas
  7 frilled lizards
  3 goblin zombies (Ossuary)
  4 hobgoblin zombies (Ossuary)
  A jackal skeleton (D:4)
  3 jackal zombies (Ossuary)
  4 kobold zombies (Ossuary)
  An orc zombie (Ossuary)
  2 quokka zombies (Ossuary)
  9 rats
  4 rat zombies (Ossuary)
  A plant (D:4)
520 creatures vanquished.

Vanquished Creatures (others)
  A slave (D:7)
  A centaur (Orc:2)
  2 orc wizards
  2 orcs
  A quokka zombie (Ossuary)
  2 fungi (Lair:2)
  A plant (Shoals:1)
10 creatures vanquished.

Grand Total: 530 creatures vanquished

Notes
Turn   | Place    | Note
-------+----------+-------------------------------------------
     0 | D:1      | TenebrousRigmarole the Troll Monk began the quest for the Orb.
     0 | D:1      | Reached XP level 1. HP: 22/22 MP: 0/0
    90 | D:1      | Reached XP level 2. HP: 24/29 MP: 1/1
   345 | D:1      | Reached XP level 3. HP: 36/36 MP: 2/2
   638 | D:2      | Found a sacrificial altar of Ru.
   758 | D:2      | Reached skill level 4 in Unarmed Combat
   758 | D:2      | Reached XP level 4. HP: 33/45 MP: 3/3
   771 | D:2      | Became a worshipper of Ru the Awakened
   774 | D:2      | Gained mutation: You cannot study or cast Poison magic. [Ru sacrifice]
   774 | D:2      | Gained mutation: You cannot study or cast Necromancy magic. [Ru sacrifice]
   774 | D:2      | Gained mutation: You cannot study or cast Charms magic. [Ru sacrifice]
   774 | D:2      | Reached * piety under Ru
  1545 | D:3      | Reached XP level 5. HP: 53/53 MP: 4/4
  1576 | D:3      | Reached skill level 5 in Unarmed Combat
  1606 | D:3      | Found an iron altar of Okawaru.
  1676 | D:3      | Found an ornate altar of the Wu Jian Council.
  1952 | D:3      | Learned a level 1 spell: Beastly Appendage
  2013 | D:4      | Found a sand-covered staircase.
  2022 | Ossuary  | Entered an ossuary
  2069 | Ossuary  | Reached skill level 6 in Unarmed Combat
  2089 | Ossuary  | Reached XP level 6. HP: 23/61 MP: 5/5
  2263 | Ossuary  | Gained mutation: You are sensitive to extremes of temperature. (rF-, rC-) [Ru sacrifice]
  2263 | Ossuary  | Reached ** piety under Ru
  2263 | Ossuary  | Reached *** piety under Ru
  2363 | Ossuary  | Reached skill level 7 in Unarmed Combat
  2434 | Ossuary  | Reached XP level 7. HP: 41/67 MP: 6/6
  2526 | Ossuary  | Reached skill level 8 in Unarmed Combat
  2787 | D:4      | Reached skill level 9 in Unarmed Combat
  2996 | D:4      | Found a shattered altar of Ashenzari.
  3067 | D:4      | Found a radiant altar of Vehumet.
  3110 | D:5      | Entered Level 5 of the Dungeon
  3250 | D:5      | Reached XP level 8. HP: 73/75 MP: 7/7
  3511 | D:5      | Reached skill level 10 in Unarmed Combat
  3746 | D:5      | Gained mutation: You cannot read scrolls while threatened. [Ru sacrifice]
  3746 | D:5      | Reached **** piety under Ru
  3746 | D:5      | Reached ***** piety under Ru
  4105 | D:6      | Reached skill level 11 in Unarmed Combat
  4154 | D:6      | Found a staircase to the Ecumenical Temple.
  4164 | Temple   | Entered the Ecumenical Temple
  4481 | D:6      | Found a deep blue altar of Sif Muna.
  4547 | D:6      | Found Ifatan's Distillery.
  4555 | D:6      | Bought a potion of degeneration for 11 gold pieces
  4555 | D:6      | Bought 2 potions of lignification for 66 gold pieces
  4555 | D:6      | Bought a potion of curing for 33 gold pieces
  4555 | D:6      | Bought a potion of resistance for 110 gold pieces
  4555 | D:6      | Bought a potion of heal wounds for 55 gold pieces
  4580 | D:6      | Reached XP level 9. HP: 64/81 MP: 8/8
  4635 | D:6      | Found a blossoming altar of Fedhas.
  4781 | D:7      | Found a white marble altar of Elyvilon.
  4833 | D:7      | Reached skill level 12 in Unarmed Combat
  4924 | D:7      | Found Meick's Gadget Shoppe.
  4928 | D:7      | Noticed Pikel
  4956 | D:7      | Killed Pikel
  5129 | D:7      | Found a stormy altar of Qazlal.
  5350 | D:8      | Noticed a gargoyle
  5360 | D:8      | Killed a gargoyle
  5475 | D:8      | Gained mutation: You are somewhat inexperienced. (-2 XL) [Ru sacrifice]
  5475 | D:8      | Reached XP level 8. HP: 76/79 MP: 7/7
  5475 | D:8      | Reached XP level 7. HP: 71/71 MP: 6/6
  5475 | D:8      | Reached ****** piety under Ru
  5515 | D:8      | Reached XP level 8. HP: 59/79 MP: 7/7
  5866 | D:8      | Found a shimmering altar of Xom.
  5987 | D:9      | Noticed a two-headed ogre
  5996 | D:9      | Killed a two-headed ogre
  5996 | D:9      | Reached skill level 5 in Fighting
  5996 | D:9      | Reached skill level 5 in Dodging
  5996 | D:9      | Reached XP level 9. HP: 54/88 MP: 8/8
  5997 | D:9      | Noticed a two-headed ogre
  6005 | D:9      | Killed a two-headed ogre
  6005 | D:9      | Reached skill level 13 in Unarmed Combat
  6151 | D:9      | Found a staircase to the Orcish Mines.
  6265 | D:9      | Found Anwy's Armour Shoppe.
  6438 | D:9      | Found a sparkling altar of Nemelex Xobeh.
  6559 | D:9      | Noticed a two-headed ogre
  6564 | D:9      | Killed a two-headed ogre
  6564 | D:9      | Reached XP level 10. HP: 76/98 MP: 9/9
  6749 | D:9      | Noticed Prince Ribbit
  7143 | Orc:1    | Entered Level 1 of the Orcish Mines
  7234 | D:8      | Reached skill level 14 in Unarmed Combat
  7618 | Orc:1    | Noticed an orc sorcerer
  7626 | Orc:1    | Killed an orc sorcerer
  7825 | D:9      | Killed Prince Ribbit
  8179 | Orc:2    | Entered Level 2 of the Orcish Mines
  8179 | Orc:2    | Noticed an orc warlord
  8179 | Orc:2    | Noticed an orc sorcerer
  8179 | Orc:2    | Noticed an orc knight
  8180 | Orc:2    | Killed an orc sorcerer
  8182 | Orc:2    | Noticed an orc sorcerer
  8183 | Orc:2    | Killed an orc warlord
  8183 | Orc:2    | Reached XP level 11. HP: 102/109 MP: 2/10
  8187 | Orc:1    | Killed an orc knight
  8187 | Orc:1    | Reached skill level 15 in Unarmed Combat
  8225 | Orc:2    | Killed an orc sorcerer
  8233 | Orc:2    | Noticed an orc sorcerer
  8237 | Orc:2    | Killed an orc sorcerer
  8301 | Orc:2    | Noticed an orc warlord
  8304 | Orc:2    | Noticed an orc sorcerer
  8305 | Orc:2    | Noticed a sixfirhy
  8307 | Orc:2    | Killed an orc sorcerer
  8310 | Orc:2    | Killed an orc warlord
  8373 | Orc:2    | Noticed an orc knight
  8504 | Orc:1    | Killed an orc knight
  8504 | Orc:1    | Reached skill level 16 in Unarmed Combat
  8946 | Orc:2    | Found a staircase to the Elven Halls.
  9064 | Orc:2    | Noticed an orc knight
  9082 | Orc:2    | Killed an orc knight
  9137 | Orc:2    | Reached XP level 12. HP: 110/118 MP: 11/11
  9418 | Orc:2    | Reached skill level 17 in Unarmed Combat
  9459 | Orc:2    | Found Dunkiar's Armour Boutique.
  9459 | Orc:2    | Found Jeizudd's Antique Armour Emporium.
  9461 | Orc:2    | Found Hinaesh's Jewellery Shoppe.
  9463 | Orc:2    | Found Apnyeck's Gadget Shop.
  9479 | Orc:2    | Bought the +2 cloak "Uwolan" {rC+ Regen+ MP+9} for 568 gold pieces
  9485 | Orc:2    | Bought a faintly glowing large shield for 199 gold pieces
  9490 | Orc:2    | Identified the +3 large shield "Kuetiuc" {rF+ Regen+} (You bought it in a shop on level 2 of the Orcish Mines)
  9820 | Orc:2    | Reached skill level 1 in Shields
 10159 | D:10     | Entered Level 10 of the Dungeon
 10241 | D:10     | Found a staircase to the Lair.
 10276 | D:10     | Noticed Yelwes's ghost (novice DrTm)
 10295 | D:10     | Killed Yelwes's ghost
 10904 | Lair:1   | Entered Level 1 of the Lair of Beasts
 10978 | D:10     | Learned a level 2 spell: Sticks to Snakes
 11073 | Lair:1   | Identified a scroll of acquirement
 11386 | Lair:1   | Reached skill level 5 in Shields
 11551 | Lair:1   | Noticed a four-headed hydra
 11559 | Lair:1   | Killed a four-headed hydra
 12055 | Lair:2   | Reached skill level 1 in Evocations
 12111 | Lair:2   | Found a staircase to the Shoals.
 12120 | Shoals:1 | Entered Level 1 of the Shoals
 12151 | Shoals:1 | Reached XP level 13. HP: 101/124 MP: 13/13
 12163 | Shoals:1 | Killed from afar by a water nymph

Vault maps used:
D:1:      onia_arrival_pentagram, minmay_pentomino_r2
D:2:      nicolae_ru_awakened_eye, minmay_statues_item
D:3:      kennysheep_okawaru_gauntlet, old_standard_altar
D:4:      evilmike_ruin_ashenzari, lemuel_coloured_pillars_altar,
          gup_ossuary_entry_pyramid, minivault_23, minivault_19,
          minmay_lizard_king
D:5:      first_ration, serial_bayou_pond_d
D:6:      nicolae_overflow_crystal_walls, minmay_temple_entry_statues_fountains,
          serial_shops, shop, fedhas_altar_2
D:7:      elyvilon_altar_4, serial_shops, kennysheep_mini, grunt_ogre_cave,
          grunt_qazlal_sundering, uniq_pikel
D:8:      kennysheep_mini_moat
D:9:      orc_david_3, basic_altar, supply_closet_lemuel, grunt_ministairs_3,
          uniq_prince_ribbit1
D:10:     erik_lair_orcish_takeover, serial_glass, glass_columns_a,
          glass_columns_b
Temple:   eino_temple_water
Lair:2:   shoals_dummy_entry, nicolae_spider_entry_orb_guardian,
          beast_lair_carwin_9, uniq_harold
Shoals:1: nicolae_shoals_undead_eyrie
Orc:2:    st_orc_rangers, minmay_orc_barracks
Ossuary:  minmay_ossuary_two_tombs

Skill      XL: |  1  2  3  4  5  6  7  8  9 10 11 12 |
---------------+-------------------------------------+-----
Fighting       | 3 5 6 7 |  7.0
Dodging        | 3 5 4 6 |  6.0
Unarmed Combat | 4 6 7 9 11 13 14 16 17 | 17.6
Shields        | 6 |  6.3
Evocations     | 1 |  1.6
Stealth        | |  1.0

Action                   |  1- 3 |  4- 6 |  7- 9 | 10-12 | 13-15 || total
-------------------------+-------+-------+-------+-------+-------++-------
Melee: Unarmed           |   131 |   224 |   406 |   664 |    11 ||  1436
       Short sword       |    20 |       |       |       |       ||    20
       Punch             |     1 |     7 |    13 |    23 |       ||    44
Throw: Large rock        |       |       |    10 |    33 |       ||    43
       Tomahawk          |       |       |       |    13 |       ||    13
Invok: Sacrifice Arcana  |       |     1 |       |       |       ||     1
       Sacrifice Resista |       |     1 |       |       |       ||     1
       Sacrifice Experie |       |       |     1 |       |       ||     1
       Sacrifice Words   |       |       |     1 |       |       ||     1
       Apocalypse        |       |       |       |     4 |       ||     4
       Power Leap        |       |       |       |     2 |     1 ||     3
  Use: Potion            |     2 |       |       |       |       ||     2
       Scroll            |       |       |     6 |     6 |       ||    12
 Stab: Sleeping          |     2 |     2 |     7 |     7 |       ||    18
       Paralysed         |       |       |     3 |    19 |       ||    22
       Invisible         |       |       |     2 |     5 |     1 ||     8
       Distracted        |       |       |     2 |     3 |       ||     5
  Eat: Chunk             |    12 |    14 |    48 |    51 |       ||   125
Armor: Robe              |    73 |    52 |    74 |    32 |       ||   231
       Troll leather arm |       |       |       |    61 |       ||    61
Dodge: Dodged            |    90 |    88 |   178 |   246 |     1 ||   603
Block: Large shield      |       |       |       |   182 |     5 ||   187

Table legend:
 A = Spawn XP
 B = Non-spawn XP
 C = Spawn XP percentage of total XP
 D = Spawn monster count
 E = Non-spawn monster count
 F = Spawn count percentage of total count
 G = Total turns spent on level
                    A         B        C        D         E        F      G
               +---------+---------+-------+---------+---------+-------+---------
         Total |       0 |   42781 |   0.0 |       0 |     520 |   0.0 | 12163
               +---------+---------+-------+---------+---------+-------+---------
           D:1 |       0 |      53 |   0.0 |       0 |      27 |   0.0 |   607
           D:2 |       0 |     118 |   0.0 |       0 |      27 |   0.0 |   872
           D:3 |       0 |     117 |   0.0 |       0 |      32 |   0.0 |   511
           D:4 |       0 |     473 |   0.0 |       0 |      24 |   0.0 |   602
           D:5 |       0 |     915 |   0.0 |       0 |      28 |   0.0 |   992
           D:6 |       0 |     803 |   0.0 |       0 |      19 |   0.0 |   453
           D:7 |       0 |    1211 |   0.0 |       0 |      18 |   0.0 |   514
           D:8 |       0 |    1381 |   0.0 |       0 |      15 |   0.0 |   689
           D:9 |       0 |    5871 |   0.0 |       0 |      48 |   0.0 |  1743
          D:10 |       0 |    4134 |   0.0 |       0 |      50 |   0.0 |   765
        Lair:1 |       0 |    4806 |   0.0 |       0 |      21 |   0.0 |   940
        Lair:2 |       0 |    3291 |   0.0 |       0 |      20 |   0.0 |   256
      Shoals:1 |       0 |    2227 |   0.0 |       0 |       5 |   0.0 |    43
         Orc:1 |       0 |    3301 |   0.0 |       0 |      38 |   0.0 |   947
         Orc:2 |       0 |   13463 |   0.0 |       0 |     111 |   0.0 |  1490
       Ossuary |       0 |     617 |   0.0 |       0 |      37 |   0.0 |   518
               +---------+---------+-------+---------+---------+-------+---------
